 Dungeon Sprint DCSS version 0.29-a0-721-g7f417c9bbb (webtiles) character file.

Game seed: 8133817849613551791

27192 mhtbhm the Ninja (level 13, -1/65 HPs)
             Began as a Spriggan Enchanter on June 27, 2022.
             Was the Champion of Dithmenos.
             Slain by Chuck (43 damage)
             ... in the Dungeon (Sprint III: "The Ten Rune Challenge").
             The game lasted 00:20:31 (3706 turns).

mhtbhm the Ninja (Spriggan Enchanter)               Turns: 3706, Time: 00:20:31

Health: -1/65      AC:  5    Str:  5    XL:     13   Next: 3%
Magic:  25/42      EV: 25    Int: 23    God:    Dithmenos [******]
Gold:   390        SH:  0    Dex: 20    Spells: 10/43 levels left

rFire   . . .      SeeInvis +   a - +2 short sword (drain)
rCold   . . .      Faith    .   (no shield)
rNeg    . . .      Spirit   .   b - +2 robe {Will+}
rPois   +          Reflect  .   u - +1 hat
rElec   .          Harm     .   (no cloak)
rCorr   .          Rampage  .   (gloves unavailable)
Will    +++..      NoTele   +   (boots unavailable) Stlth *********+
                                j - amulet of Vuew {Acrobat MP+9 Slay+2}
HPRegen 0.20/turn               h - ring "Behotyelo" {rPois Str+2 Int+3}
MPRegen 0.28/turn               (no ring)

@: flying, wreathed by umbra, very quick
A: very small, no large weapons, unfitting armour, see invisible, speed 3,
antennae 1, clever 1, sense surroundings 1
a: Renounce Religion, Shadow Step, Shadow Form


You were in the Dungeon.
You worshipped Dithmenos.
Dithmenos was exalted by your worship.
You visited 1 branch You collected 3666 gold pieces.
You spent 3276 gold pieces at shops.

Inventory:

Hand Weapons
 a - a +2 short sword of draining (weapon)
 w - a +7 quick blade
Missiles
 q - 10 atropa-tipped darts (quivered)
 v - 7 curare-tipped darts
Armour
 b - a +2 robe of willpower (worn)
 u - a +1 hat (worn)
Jewellery
 h - the ring "Behotyelo" (left hand) {rPois Str+2 Int+3}
   (You bought it in a shop in the Dungeon)

   [ring of poison resistance]

   Str:       It affects your strength (+2).
   Int:       It affects your intelligence (+3).
   rPois:     It protects you from poison.
 j - the amulet of Vuew (around neck) {Acrobat MP+9 Slay+2}
   (You bought it in a shop in the Dungeon)

   [amulet of the acrobat]

   It increases your evasion while moving and waiting.
   Slay:      It affects your accuracy & damage with ranged weapons and melee
   (+2).
   MP:        It affects your magic capacity (+9).
Wands
 s - a wand of flame (18)
Scrolls
 c - a scroll of blinking
 l - a scroll of poison
 m - a scroll of vulnerability
 o - a scroll of identify
 r - 2 scrolls of silence
Potions
 d - 3 potions of curing
 e - 4 potions of heal wounds
 f - a potion of haste
 g - 2 potions of magic
 n - a potion of might
 p - 4 potions of mutation
 t - a potion of brilliance
Miscellaneous
 i - a box of beasts (inert)


   Skills:
 + Level 5.7 Fighting
 + Level 11.9 Short Blades
 + Level 10.4 Dodging
 O Level 27 Stealth
 + Level 15.9 Spellcasting
 + Level 3.8 Conjurations
 + Level 16.1 Hexes
 + Level 1.2 Transmutations
 + Level 7.8 Ice Magic
 + Level 2.1 Earth Magic
 * Level 14.7 Invocations
 + Level 3.4 Evocations


You had 10 spell levels left.
You knew the following spells:

 Your Spells              Type           Power      Damage    Failure   Level
a - Ensorcelled Hibernat  Hex/Ice        100%       N/A       1%          2
b - Confusing Touch       Hex            75%        N/A       0%          3
c - Tukima's Dance        Hex            75%        N/A       0%          3
d - Dazzling Flash        Conj/Hex       100%       N/A       1%          3
e - Passwall              Tmut/Erth      21%        N/A       2%          2
f - Stone Arrow           Conj/Erth      62%        3d10      2%          3
g - Fulminant Prism       Conj/Hex       29%        3d14      1%          4
h - Hailstorm             Conj/Ice       45%        3d10      2%          4
i - Polar Vortex          Ice            26%        N/A       100%        9

Your spell library contained the following spells:

 Spells                   Type           Power      Damage    Failure   Level
 Magic Dart               Conj           100%       1d8       1%          1
 Sandblast                Erth           56%        2d13      1%          1
 Searing Ray              Conj           70%        2d7       1%          2
 Ozocubu's Armour         Ice            53%        N/A       1%          3
 Sticky Flame             Conj/Fire      27%        2d5       14%         4


Dungeon Overview and Level Annotations

Branches:
Dungeon (1/1)

Altars:
Cheibriados
Dithmenos
Elyvilon
Fedhas
Gozag
Hepliaklqana
Kikubaaqudgha
Makhleb
Nemelex Xobeh
Okawaru
Qazlal
Ru
Sif Muna
Trog
Uskayaw
Vehumet
Wu Jian
Xom
Yredelemnul
Zin
The Shining One
Beogh
Jiyva
Lugonu

Shops:
D [=(:((!=*[*?

Annotations:
D exclusion: 4 statues, Chuck, Polyphemus


Innate Abilities, Weirdness & Mutations

You are very small and have problems with some larger weapons.
You are too small for most types of armour.
You have supernaturally acute eyesight. (SInv)
You cover ground extremely quickly. (Speed+++)
You have a pair of small antennae on your head.
Your mind is acute. (Int +4, Str/Dex -1)
You passively map a small area around you.


Message History

Okay, then.
Unknown command.
Casting: Dazzling Flash (safe; 1% risk of failure)
Confirm with . or Enter, or press ? or * to list all spells.
Okay, then.
Casting: Dazzling Flash (safe; 1% risk of failure)
Confirm with . or Enter, or press ? or * to list all spells.
Aiming: Stone Arrow (dangerous; 2% risk of failure)
Press: ? - help, Shift-Dir - straight line, f - Chuck
Aim: Chuck, quivering large rocks of chaos (grey smoke, lightly wounded, umbra, 100% to hit)
Okay, then.
Casting: Stone Arrow (dangerous; 2% risk of failure)
Confirm with . or Enter, or press ? or * to list all spells.
Aiming: Stone Arrow (dangerous; 2% risk of failure)
Press: ? - help, Shift-Dir - straight line, f - Chuck
Aim: Chuck, quivering large rocks of chaos (grey smoke, lightly wounded, umbra, 100% to hit)
The stone arrow hits Chuck!
Chuck is lightly wounded.
Chuck closely misses you.
Casting: Stone Arrow (dangerous; 2% risk of failure)
Confirm with . or Enter, or press ? or * to list all spells.
Casting: Dazzling Flash (safe; 1% risk of failure)
Press: ? - help, Dir - look around, f - activate Chuck hits you!!
You emit a cloud of dark smoke.
Unknown command.
Casting: Dazzling Flash (safe; 1% risk of failure)
Confirm with . or Enter, or press ? or * to list all spells.
Casting: Dazzling Flash (safe; 1% risk of failure)
Press: ? - help, Dir - look around, f - activate Chuck completely misses you.
Unknown command.
Unknown command.
Unknown command.
Casting: Dazzling Flash (safe; 1% risk of failure)
Confirm with . or Enter, or press ? or * to list all spells.
Casting: Dazzling Flash (safe; 1% risk of failure)
Press: ? - help, Dir - look around, f - activate Chuck hits you!!!
Ouch! That really hurt!
You die...

* , * * , , , , *
,* , #########
[)§$§§§C#
≈≈≈§§§§@#
..§§.§§§# *, * *
§§§§§§.# ...§§§§.#
###############'##
)..#...#|.#..§§§§#
..†#...#..#..PPP§#
#'###'##..#..P.P§#
.......'..'..P.P.#


You could see Chuck.

Vanquished Creatures
  Sigmund (D)
  Rupert (D)
  Gastronok (D)
  2 dire elephants (D)
  A fire dragon (D)
  A yaktaur captain (D)
  Erolcha (D)
  2 hydras (D)
  A centaur warrior (D)
  4 dancing weapons (D)
  Urug (D)
  A death drake (D)
  A spriggan druid (D)
  A lindwurm (D)
  An obsidian statue (D)
  A deep elf pyromancer (D)
  4 crystal guardians (D)
  An orc sorcerer (D)
  2 ugly things (D)
  2 elephants (D)
  Edmund (D)
  2 cane toads (D)
  A komodo dragon (D)
  A rime drake (D)
  3 wandering mushrooms (D)
  4 spriggan defenders (D)
  2 tyrant leeches (D)
  5 orc high priests (D)
  A hornet (D)
  5 blink frogs (D)
  2 spriggans (D)
  A shadow (D)
  5 redbacks (D)
  A spatial vortex (D)
  A swamp worm (shapeshifter) (D)
  A swamp drake (D)
  An orc warrior (D)
  5 two-headed ogres (D)
  A water elemental (D)
  A scorpion (D)
  A necrophage (D)
  A killer bee (D)
  An electric eel (D)
  A jelly (D)
  An orc priest (D)
  Jessica (D)
  A wizard (D)
  A necromancer (D)
  An orc wizard (D)
  A kobold demonologist (D)
  3 humans (D)
  11 orcs (D)
  An endoplasm (D)
  A bat (D)
  2 rats (D)
102 creatures vanquished.

Vanquished Creatures (others)
  An orc (D)
  A bush (D)
  4 plants (D)
6 creatures vanquished.

Grand Total: 108 creatures vanquished

Notes
Turn   | Place    | Note
-------+----------+-------------------------------------------
     0 | D        | mhtbhm the Spriggan Enchanter began the quest for the Orb.
     0 | D        | Reached XP level 1. HP: 9/9 MP: 5/5
    11 | D        | Noticed Jessica
    14 | D        | Reached skill level 5 in Stealth
    15 | D        | Killed Jessica
    16 | D        | Reached skill level 7 in Stealth
    16 | D        | Reached skill level 5 in Hexes
    16 | D        | Reached XP level 2. HP: 13/13 MP: 5/7
    16 | D        | Reached XP level 3. HP: 16/16 MP: 6/9
    68 | D        | Learned a level 2 spell: Ensorcelled Hibernation
    72 | D        | Learned a level 3 spell: Confusing Touch
    76 | D        | Learned a level 3 spell: Tukima's Dance
    83 | D        | Reached skill level 8 in Stealth
   202 | D        | Noticed a scorpion
   209 | D        | Killed a scorpion
   210 | D        | Reached skill level 10 in Stealth
   210 | D        | Reached XP level 4. HP: 21/21 MP: 7/11
   228 | D        | Gained mutation: You passively map a small area around you.
                  | [potion of mutation]
   228 | D        | Gained mutation: Your mind is acute. (Int +4, Str/Dex -1)
                  | [potion of mutation]
   228 | D        | Gained mutation: You have a pair of small antennae on your
                  | head. [potion of mutation]
   247 | D        | Noticed a water elemental
   250 | D        | Killed a water elemental
   251 | D        | Reached skill level 11 in Stealth
   251 | D        | Reached skill level 5 in Spellcasting
   251 | D        | Reached XP level 5. HP: 24/24 MP: 11/13
   275 | D        | Learned a level 3 spell: Dazzling Flash
   275 | D        | Found a shadowy altar of Dithmenos.
   276 | D        | Found a basalt altar of Yredelemnul.
   276 | D        | Found a sacrificial altar of Ru.
   278 | D        | Reached skill level 12 in Stealth
   279 | D        | Reached skill level 13 in Stealth
   284 | D        | Became a worshipper of Dithmenos the Shadowed
   299 | D        | Found a radiant altar of Vehumet.
   300 | D        | Found a shimmering blue altar of Sif Muna.
   300 | D        | Found an ancient bone altar of Kikubaaqudgha.
   302 | D        | Reached XP level 6. HP: 28/28 MP: 15/15
   315 | D        | Learned a level 2 spell: Passwall
   319 | D        | Learned a level 3 spell: Stone Arrow
   327 | D        | Found a hide-covered altar of Uskayaw.
   327 | D        | Found an iron altar of Okawaru.
   328 | D        | Found a bloodstained altar of Trog.
   328 | D        | Found an ornate altar of the Wu Jian Council.
   328 | D        | Noticed a human
   328 | D        | Noticed a human
   369 | D        | Killed a human
   369 | D        | Reached * piety under Dithmenos
   370 | D        | Reached skill level 15 in Stealth
   370 | D        | Reached skill level 10 in Hexes
   370 | D        | Reached skill level 1 in Ice Magic
   560 | D        | Found a glowing silver altar of Zin.
   561 | D        | Found a glowing golden altar of the Shining One.
   561 | D        | Found a white marble altar of Elyvilon.
   561 | D        | Noticed a deep elf pyromancer
   562 | D        | Killed a human
   563 | D        | Reached skill level 16 in Stealth
   563 | D        | Reached XP level 7. HP: 32/32 MP: 12/18
   564 | D        | Killed a deep elf pyromancer
   565 | D        | Reached skill level 5 in Short Blades
   565 | D        | Reached skill level 18 in Stealth
   565 | D        | Reached XP level 8. HP: 36/36 MP: 13/20
   628 | D        | Reached ** piety under Dithmenos
   629 | D        | Reached skill level 19 in Stealth
   629 | D        | Reached skill level 1 in Invocations
   747 | D        | Found a blossoming altar of Fedhas.
   747 | D        | Found a stormy altar of Qazlal.
   748 | D        | Found a snail-covered altar of Cheibriados.
   748 | D        | Found a burning altar of Makhleb.
   748 | D        | Found a hazy altar of Hepliaklqana.
   748 | D        | Found a shimmering altar of Xom.
   748 | D        | Found an opulent altar of Gozag.
   748 | D        | Found a sparkling altar of Nemelex Xobeh.
   748 | D        | Found a corrupted altar of Lugonu.
   748 | D        | Found a viscous altar of Jiyva.
   798 | D        | Reached *** piety under Dithmenos
   799 | D        | Reached skill level 1 in Conjurations
   832 | D        | Reached skill level 20 in Stealth
   886 | D        | Noticed a two-headed ogre
   889 | D        | Killed a two-headed ogre
   893 | D        | Noticed a two-headed ogre
   893 | D        | Noticed Erolcha
   895 | D        | Killed Erolcha
   896 | D        | Reached skill level 21 in Stealth
   896 | D        | Reached skill level 5 in Invocations
   896 | D        | Reached XP level 9. HP: 39/39 MP: 21/23
   896 | D        | Killed a two-headed ogre
   896 | D        | Reached **** piety under Dithmenos
   897 | D        | Reached skill level 22 in Stealth
   917 | D        | Noticed a wandering mushroom
   921 | D        | Noticed a wandering mushroom
   923 | D        | Noticed a wandering mushroom
   925 | D        | Killed a wandering mushroom
   926 | D        | Reached skill level 10 in Spellcasting
   934 | D        | Killed a wandering mushroom
   935 | D        | Reached skill level 23 in Stealth
   937 | D        | Killed a wandering mushroom
   937 | D        | Reached ***** piety under Dithmenos
   990 | D        | Noticed a cane toad
   990 | D        | Noticed a komodo dragon
   990 | D        | Noticed a cane toad
  1001 | D        | Killed a cane toad
  1002 | D        | Reached XP level 10. HP: 44/44 MP: 20/25
  1037 | D        | Killed a cane toad
  1038 | D        | Reached skill level 24 in Stealth
  1067 | D        | Reached skill level 5 in Dodging
  1113 | D        | Noticed a lindwurm
  1116 | D        | Killed a lindwurm
  1117 | D        | Reached skill level 25 in Stealth
  1123 | D        | Reached ****** piety under Dithmenos
  1124 | D        | Noticed Urug
  1126 | D        | Killed Urug
  1127 | D        | Reached skill level 5 in Ice Magic
  1130 | D        | Noticed a six-headed hydra
  1130 | D        | Noticed a seven-headed hydra
  1136 | D        | Killed a seven-headed hydra
  1137 | D        | Reached skill level 26 in Stealth
  1137 | D        | Killed a six-headed hydra
  1138 | D        | Reached XP level 11. HP: 6/48 MP: 22/27
  1301 | D        | Noticed a death drake
  1305 | D        | Killed a death drake
  1306 | D        | Reached skill level 27 in Stealth
  1449 | D        | Found a blossoming altar of Fedhas.
  1449 | D        | Noticed a spriggan druid
  1455 | D        | Killed a spriggan druid
  1456 | D        | Reached skill level 10 in Invocations
  1461 | D        | Reached skill level 1 in Fighting
  1587 | D        | Noticed Polyphemus
  1658 | D        | Reached skill level 1 in Evocations
  1821 | D        | Noticed a dire elephant
  1821 | D        | Noticed a dire elephant
  1821 | D        | Noticed Gastronok
  1825 | D        | Killed a dire elephant
  1826 | D        | Killed a dire elephant
  1828 | D        | Killed Gastronok
  1837 | D        | Noticed an azure jelly
  1837 | D        | Noticed an azure jelly
  1837 | D        | Noticed an azure jelly
  1838 | D        | Noticed an azure jelly
  1840 | D        | Noticed Rupert
  1842 | D        | Killed Rupert
  1905 | D        | Noticed Sigmund
  1905 | D        | Noticed Edmund
  1907 | D        | Killed Edmund
  1908 | D        | Killed Sigmund
  1909 | D        | Reached skill level 10 in Short Blades
  1909 | D        | Reached skill level 15 in Hexes
  1909 | D        | Reached XP level 12. HP: 52/56 MP: 25/31
  2238 | D        | Found Yfagurom's Distillery.
  2238 | D        | Found Fisuhi's Assorted Antiques.
  2238 | D        | Found Adigery's Magic Scroll Shoppe.
  2238 | D        | Found Pedeos's Antique Weapon Boutique.
  2238 | D        | Found Maistedd's Jewellery Emporium.
  2238 | D        | Found Zohitz's Assorted Antiques.
  2238 | D        | Found Foseirio's Antique Armour Boutique.
  2239 | D        | Found Sysa's Antique Weapon Boutique.
  2239 | D        | Found Tamumula's Book Shoppe.
  2239 | D        | Found Muxeinoz's Weapon Shop.
  2239 | D        | Found Nuteaps's Jewellery Emporium.
  2516 | D        | Noticed an orc high priest
  2516 | D        | Noticed an orc high priest
  2516 | D        | Found Teriaxei's Armour Shop.
  2538 | D        | Killed an orc high priest
  2549 | D        | Killed an orc high priest
  2550 | D        | Reached skill level 15 in Spellcasting
  2976 | D        | Bought a scroll of acquirement for 676 gold pieces
  2976 | D        | Acquired a +0 rapier of venom
  2984 | D        | Bought a book of Conjurations for 280 gold pieces
  2984 | D        | Bought the Reference Book on the Glacial Volcanoes for 672
                  | gold pieces
  2989 | D        | Learned a level 4 spell: Fulminant Prism
  2994 | D        | Learned a level 4 spell: Hailstorm
  3004 | D        | Learned a level 9 spell: Polar Vortex
  3015 | D        | Bought a scroll of blinking for 172 gold pieces
  3021 | D        | Bought 2 potions of heal wounds for 140 gold pieces
  3021 | D        | Bought a potion of heal wounds for 70 gold pieces
  3021 | D        | Bought a potion of heal wounds for 70 gold pieces
  3024 | D        | Bought the ring "Behotyelo" {rPois Str+2 Int+3} for 375
                  | gold pieces
  3024 | D        | Bought the amulet of Vuew {Acrobat MP+9 Slay+2} for 643
                  | gold pieces
  3035 | D        | Bought a runed short sword for 126 gold pieces
  3049 | D        | Bought a scroll of identify for 26 gold pieces
  3049 | D        | Bought a scroll of identify for 26 gold pieces
  3196 | D        | Noticed a centaur warrior
  3200 | D        | Killed a centaur warrior
  3201 | D        | Reached skill level 5 in Fighting
  3201 | D        | Reached skill level 1 in Earth Magic
  3210 | D        | Noticed a fire dragon
  3214 | D        | Killed a fire dragon
  3227 | D        | Reached skill level 1 in Transmutations
  3229 | D        | Reached skill level 10 in Dodging
  3233 | D        | Identified the +2 quick blade "Emukhloirr" {antimagic,
                  | Str+2}
  3247 | D        | Upgraded the game from 0.29-a0-717-g6dac4ea423 to
                  | 0.29-a0-721-g7f417c9bbb
  3384 | D        | Noticed a yaktaur captain
  3453 | D        | Killed a yaktaur captain
  3454 | D        | Reached XP level 13. HP: 38/65 MP: 33/33
  3698 | D        | Noticed Chuck
  3706 | D        | Slain by Chuck

Illustrated notes

Levels and vault maps discovered:
D:        dungeon_sprint_mu [sprint_mu_entry_forest, sprint_mu_temple_rooms,
          sprint_mu_d1_spiders, sprint_mu_d2_genie, sprint_mu_d3_branching,
          sprint_mu_orc_legion, sprint_mu_elf_gauntlet, sprint_mu_hive_nellie,
          sprint_mu_lair_fedhas, sprint_mu_vaults_butterflies,
          sprint_mu_slime_circle, sprint_mu_swamp_cave, sprint_mu_shoals_archi,
          sprint_mu_blade_basic, sprint_mu_crypt_lich, sprint_mu_tomb_spiral,
          sprint_mu_vestibule_basic, sprint_mu_gehenna_hellfire,
          sprint_mu_dis_giant, sprint_mu_tartarus_statrot,
          sprint_mu_cocytus_islands, sprint_mu_zot1]

Skill      XL: |  1  2  3  4  5  6  7  8  9 10 11 12 |
---------------+-------------------------------------+-----
Hexes          | 5 7 8 9 10 11 12 13 15 16 | 16.1
Stealth        | 7 10 11 13 16 18 21 23 26 27 | 27.0
Dodging        | 3 4 5 6 10 | 10.4
Spellcasting   | 3 4 5 7 9 10 11 14 15 | 15.9
Short Blades   | 2 3 4 5 6 7 10 11 | 11.9
Ice Magic      | 1 2 3 4 5 7 |  7.8
Invocations    | 5 7 9 12 14 | 14.7
Conjurations   | 1 3 |  3.8
Fighting       | 3 5 |  5.7
Evocations     | 2 3 |  3.4
Earth Magic    | 2 |  2.1
Transmutations | 1 |  1.2

Action                   |  1- 3 |  4- 6 |  7- 9 | 10-12 | 13-15 || total
-------------------------+-------+-------+-------+-------+-------++-------
Melee: Dagger            |    11 |     9 |    26 |   130 |       ||   176
       Short sword       |       |       |       |    19 |     3 ||    22
 Cast: Ensorcelled Hiber |     2 |     3 |     9 |    12 |       ||    26
       Dazzling Flash    |       |     2 |       |    11 |     7 ||    20
       Confusing Touch   |       |       |     2 |     3 |     1 ||     6
       Passwall          |       |       |       |     4 |       ||     4
       Stone Arrow       |       |       |       |     1 |     1 ||     2
Invok: Shadow Step       |       |       |       |    16 |       ||    16
Evoke: Box of beasts     |       |       |       |     3 |     1 ||     4
       Wand              |       |       |       |       |     1 ||     1
  Use: Potion            |       |     1 |       |    10 |     1 ||    12
       Scroll            |       |     1 |       |     6 |       ||     7
 Stab: Sleeping          |     6 |     7 |    14 |    44 |       ||    71
       Invisible         |       |     1 |       |    20 |       ||    21
       Confused          |       |       |     1 |     3 |       ||     4
       Distracted        |       |       |       |     1 |       ||     1
Armor: Robe              |       |       |       |     4 |       ||     4
Dodge: Dodged            |     5 |     3 |    10 |    82 |     4 ||   104

Table legend: (Time is in decaauts)
 A = Elapsed time spent in this place.
 B = Non-inter-level travel time spent in this place.
 C = Inter-level travel time spent in this place.
 D = Time resting spent in this place.
 E = Time spent auto-exploring this place.
 F = Levels seen in this place.
 G = Mean time per level.
                   A        B        C        D        E       F      G
               +--------+--------+--------+--------+--------+-----+--------+
         Total |   3151 |   3151 |      0 |   1926 |     69 |   1 | 3151.0 |
       Dungeon |   3151 |   3151 |      0 |   1926 |     69 |   1 | 3151.0 |
               +--------+--------+--------+--------+--------+-----+--------+

Top non-repeatable levels by time:
       D: 3151 daAuts
